 Dungeon Crawl Stone Soup version 0.19.0-20-gbc5f0c6 (webtiles) character file.

939 Galewin the Cleaver (level 7, -1/57 HPs)
             Began as a Minotaur Berserker on Nov 17, 2016.
             Was an Elder of Trog.
             Slain by an ogre
             ... wielding a +0 giant club
              (23 damage)
             ... on level 6 of the Dungeon.
             The game lasted 00:10:57 (3765 turns).

Galewin the Cleaver (Minotaur Berserker)            Turns: 3765, Time: 00:10:58

Health: -1/57      AC:  6    Str: 23    XL:     7   Next: 87%
Magic:  6/6        EV: 11    Int:  4    God:    Trog [****..]
Gold:   327        SH:  0    Dex: 10    Spells: 0 memorised, 6 levels left

rFire  . . .     SeeInvis .     q - +0 hand axe (venom)
rCold  . . .     Gourm    .     l - +0 ring mail
rNeg   . . .     Faith    .     (no shield)
rPois  .         Spirit   .     (helmet restricted)
rElec  .         Reflect  .     (no cloak)
rCorr  .         Harm     .     s - +0 pair of gloves
MR     +++..                    (no boots)
Stlth  ..........               (no amulet)
                                (no ring)
                                p - ring of protection from magic

@: exhausted, regenerating, slowed, very slow
A: retaliatory headbutt, horns 2
a: Berserk, Trog's Hand, Brothers in Arms, Burn Spellbooks, Renounce Religion


You were on level 6 of the Dungeon.
You worshipped Trog.
Trog was greatly pleased with you.
You were not hungry.

You visited 1 branch of the dungeon, and saw 6 of its levels.

You collected 327 gold pieces.

Inventory:

Hand Weapons
 q - a +0 hand axe of venom (weapon)
Armour
 l - a +0 ring mail (worn)
 s - a +0 pair of gloves (worn)
Jewellery
 p - a ring of protection from magic (left hand)
 u - an uncursed ring of fire
Wands
 w - a wand of iceblast (8/15)
Scrolls
 a - 2 scrolls of fog {unknown}
 d - 6 scrolls of teleportation
 k - 3 scrolls of remove curse {unknown}
 m - a scroll of fear {unknown}
 r - a scroll of enchant weapon {unknown}
 v - 2 scrolls of amnesia {unknown}
Potions
 g - a potion of curing {unknown}
 h - a potion of lignification {unknown}
 i - a potion of magic {unknown}
 j - 4 potions of might {unknown}
 n - 2 potions of heal wounds
 o - 2 potions of flight {unknown}
Comestibles
 c - 9 bread rations
 f - 4 meat rations


   Skills:
 - Level 3.6 Fighting
 * Level 11.2 Axes
 - Level 2.4 Armour
 - Level 2.1 Dodging


You had 6 spell levels left.
You didn't know any spells.

Dungeon Overview and Level Annotations

Branches:
Dungeon (6/15)
 Temple: D:4-7

Altars:
Dithmenos
Yredelemnul

Shops:
D:5 [


Innate Abilities, Weirdness & Mutations

You reflexively headbutt those who attack you in melee.
You have a pair of horns on your head.


Message History

You kill the orc wizard!
Trog accepts your kill.
Trog appreciates your killing of a magic user.
You are feeling very hungry.
You feel a strong urge to attack something.
You are no longer berserk.
You are exhausted.
You feel yourself slow down.
Your skin crawls.
You feel resistant to hostile enchantments.
You feel somewhat more hungry.
Eat a chunk of flesh? (ye/n/q)
You start eating the chunk of flesh.
This raw flesh tastes terrible.
The ogre barely misses you.
You barely miss the ogre. You headbutt the ogre!
The ogre is moderately wounded.
The ogre hits you with a giant club!! The ogre hits you with a giant club!!
You die...

#...................#
#.#################.#
#.................#.#
#################.#.#
#.#.# ####### #.#.#
######### #.....#
#.#.# #.......[#
#.###.####.#.#####
#........#
#@#........#......
#........#
#O#.#.############
#........# #.#.#.#
#........#######.#.#.#
.................#.#.#
.................#.#.#
####.).########.#.#.#
#.....).).# #.#.#..
............. .....(.


You could see an ogre.

Vanquished Creatures
  Duvessa (D:4)
  An orc warrior (D:6)
  3 big kobolds (D:5)
  Dowan (D:4)
  2 crimson imps
  An orc priest (D:3)
  2 orc wizards (D:6)
  An iguana (D:4)
  A worker ant (D:4)
  The ghost of dscm the Insei, a weakling OpTm (D:3)
  A hound skeleton (D:5)
  8 adders
  2 river rats (D:5)
  A shadow imp (D:5)
  An adder zombie (D:6)
  An adder skeleton (D:5)
  5 worms
  4 leopard geckos
  14 orcs
  A ball python (D:2)
  5 giant cockroaches
  A goblin (D:1)
  11 hobgoblins
  2 quokkas (D:3)
  9 bats
  A frilled lizard (D:3)
  45 kobolds
  A leopard gecko skeleton (D:4)
  8 rats
135 creatures vanquished.

Notes
Turn   | Place    | Note
-------+----------+-------------------------------------------
     0 | D:1      | Galewin the Minotaur Berserker began the quest for the Orb.
     0 | D:1      | Reached XP level 1. HP: 19/19 MP: 0/0
    79 | D:1      | Reached skill level 4 in Axes
   305 | D:1      | Reached XP level 2. HP: 23/26 MP: 1/1
   615 | D:2      | Reached skill level 5 in Axes
   615 | D:2      | Reached XP level 3. HP: 3/31 MP: 2/2
   616 | D:2      | HP: 2/46 [poisoned by an adder]
   982 | D:2      | Reached ** piety under Trog
  1124 | D:3      | Reached skill level 6 in Axes
  1124 | D:3      | Reached XP level 4. HP: 38/39 MP: 3/3
  1169 | D:3      | Found a shadowy altar of Dithmenos.
  1425 | D:3      | Reached XP level 5. HP: 29/45 MP: 4/4
  1429 | D:3      | Reached skill level 7 in Axes
  1537 | D:3      | Noticed dscm's ghost (weakling OpTm)
  1545 | D:3      | Killed dscm's ghost
  1886 | D:4      | Reached *** piety under Trog
  1981 | D:4      | Noticed a phantom
  2030 | D:3      | Reached skill level 8 in Axes
  2304 | D:4      | Noticed Duvessa
  2304 | D:4      | Noticed Dowan
  2311 | D:4      | Killed Duvessa
  2311 | D:4      | Reached XP level 6. HP: 51/51 MP: 5/5
  2317 | D:4      | Killed Dowan
  2317 | D:4      | Reached skill level 9 in Axes
  2464 | D:5      | Entered Level 5 of the Dungeon
  2468 | D:5      | Found a basalt altar of Yredelemnul.
  2756 | D:5      | Reached XP level 7. HP: 45/57 MP: 6/6
  2851 | D:5      | Reached **** piety under Trog
  2851 | D:5      | Reached skill level 10 in Axes
  3165 | D:5      | Found Ushalium's Armour Boutique.
  3745 | D:6      | Reached skill level 11 in Axes
  3765 | D:6      | Slain by an ogre

Skill      XL: |  1  2  3  4  5  6  7 |
---------------+----------------------+-----
Axes           | 4 5 6 8 9 11 | 11.2
Fighting       | |  3.6
Armour         | |  2.4
Dodging        | |  2.1

Action                   |  1- 3 |  4- 6 |  7- 9 || total
-------------------------+-------+-------+-------++-------
Melee: Hand axe          |    79 |   128 |    86 ||   293
       Headbutt          |     8 |    17 |    13 ||    38
Invok: Berserk           |     3 |     3 |     2 ||     8
       Trog's Hand       |       |       |     1 ||     1
  Use: Potion            |     1 |       |       ||     1
       Scroll            |       |     7 |       ||     7
  Eat: Chunk             |     3 |     3 |     4 ||    10
       Meat ration       |       |     1 |       ||     1
       Beef jerky        |       |     1 |       ||     1
Armor: Animal skin       |    14 |       |       ||    14
       Ring mail         |     3 |    38 |    18 ||    59
Dodge: Dodged            |    57 |    69 |    32 ||   158
